 Dungeon Crawl Stone Soup version 0.18.1-8-gdd0e5ea (webtiles) character file.

183 m0ast the Ruffian (level 5, -6/46 HPs)
             Began as a Ghoul Monk on May 23, 2016.
             Mangled by Rationalist's ghost (12 damage)
             ... on level 3 of the Dungeon.
             The game lasted 00:11:50 (2561 turns).

m0ast the Ruffian (Ghoul Monk)                      Turns: 2561, Time: 00:11:51

Health: -6/46      AC:  2    Str: 21    XL:     5   Next: 62%
Magic:  4/4        EV: 13    Int:  5    God:
Gold:   62         SH:  0    Dex: 11    Spells: 0 memorised, 4 levels left

rFire  . . .     SeeInvis .       - Unarmed
rCold  + . .     Gourm    .     a - +0 robe
rNeg   + + +     Faith    .     (no shield)
rPois  ∞         Spirit   .     (no helmet)
rElec  .         Dismiss  .     (no cloak)
rCorr  .         Reflect  .     (no gloves)
SustAt .         Harm     .     (no boots)
MR     .....                    (no amulet)
Stlth  ++........               (no ring)
                                (no ring)

@: mighty, rotting, not resistant to hostile enchantments, unstealthy
A: rotting body, claws 1, carnivore 3, cold resistance 1, negative energy
resistance 3, slow regeneration 1, torment resistance, unbreathing
a: no special abilities


You were on level 3 of the Dungeon.
You were not hungry.

You visited 1 branch of the dungeon, and saw 3 of its levels.

You collected 62 gold pieces.

Inventory:

Armour
 a - a +0 robe (worn)
Scrolls
 e - a scroll of immolation {unknown}
 g - a scroll of remove curse {unknown}
 h - 7 scrolls of identify
Potions
 d - 2 potions of agility {unknown}
 j - a potion of cure mutation {unknown}
 k - a potion of curing
 l - a potion of mutation {unknown}
 m - a potion of heal wounds {unknown}
 n - a potion of haste {unknown}
 o - a potion of beneficial mutation {unknown}
Comestibles
 b - a meat ration
 c - 8 chunks of flesh
 i - a beef jerky


   Skills:
 + Level 4.1 Fighting
 + Level 3.6 Dodging
 + Level 3.2 Stealth
 * Level 5.7 Unarmed Combat


You had 4 spell levels left.
You didn't know any spells.

Dungeon Overview and Level Annotations

Branches:
Dungeon (3/15)

Altars:
Okawaru
Trog
The Shining One

Annotations:
D:3 Rationalist's ghost, amateur DsBe


Innate Abilities, Weirdness & Mutations

Your body is rotting away.
You thrive on raw meat.
You are immune to poison.
You have sharp fingernails.
You are carnivorous and can eat meat at any time.
Your flesh is cold resistant.
You are immune to negative energy.
You regenerate slowly when monsters are visible.
You are immune to unholy pain and torment.
You can survive without breathing.


Message History

* * * LOW HITPOINT WARNING * * *
A giant cockroach comes into view.
You feel better. Rationalist's ghost hits you.
You scratch Rationalist's ghost but do no damage.
Rationalist's ghost is heavily damaged.
Rationalist's ghost misses you.
You miss Rationalist's ghost.
Rationalist's ghost is heavily damaged.
Rationalist's ghost hits you!
* * * LOW HITPOINT WARNING * * *
You claw Rationalist's ghost!
Rationalist's ghost is heavily damaged.
Rationalist's ghost hits you.
* * * LOW HITPOINT WARNING * * *
You feel better. Rationalist's ghost hits you!
* * * LOW HITPOINT WARNING * * *
It was a potion of might.
You feel very mighty all of a sudden. Rationalist's ghost hits you!
You die...

..# ####.#
#.. #...>#
#<# #.####
#s# #.####
#.# #....#
#o# ####÷#
#)# #.#
#o#######.#
#.W@......#
###########


You could see Rationalist's ghost and an orc.

Vanquished Creatures
  A crimson imp (D:3)
  An orc wizard (D:3)
  4 adders
  2 oozes
  A worm (D:2)
  2 dart slugs
  2 giant geckos
  4 orcs (D:3)
  2 giant cockroaches (D:1)
  4 goblins (D:1)
  4 hobgoblins
  17 jackals
  2 quokkas (D:2)
  4 bats
  A giant newt (D:1)
  3 kobolds
  10 rats
64 creatures vanquished.

Notes
Turn   | Place    | Note
--------------------------------------------------------------
     0 | D:1      | m0ast the Ghoul Monk began the quest for the Orb.
     0 | D:1      | Reached XP level 1. HP: 19/19 MP: 0/0
   190 | D:1      | Reached XP level 2. HP: 19/26 MP: 1/1
   872 | D:1      | Reached XP level 3. HP: 29/33 MP: 2/2
  1533 | D:2      | Reached skill level 5 in Unarmed Combat
  1556 | D:2      | Reached XP level 4. HP: 32/40 MP: 3/3
  1660 | D:2      | Found an iron altar of Okawaru.
  2072 | D:2      | Found a bloodstained altar of Trog.
  2072 | D:2      | Found a glowing golden altar of the Shining One.
  2392 | D:3      | Reached XP level 5. HP: 46/46 MP: 4/4
  2533 | D:3      | Noticed Rationalist's ghost (amateur DsBe)
  2561 | D:3      | Mangled by Rationalist's ghost

Skill      XL: |  1  2  3  4 |
---------------+-------------+-----
Dodging        | 3 |  3.6
Unarmed Combat | 5 |  5.7
Fighting       | 4 |  4.1
Stealth        | 3 |  3.2

Action                   |  1- 3 |  4- 6 || total
-------------------------+-------+-------++-------
Melee: Unarmed           |   107 |    78 ||   185
       Punch             |     1 |       ||     1
  Use: Potion            |       |     3 ||     3
       Scroll            |       |     1 ||     1
 Stab: Sleeping          |     1 |     3 ||     4
  Eat: Chunk             |    17 |    11 ||    28
Armor: Robe              |    15 |     7 ||    22
Dodge: Dodged            |    69 |    39 ||   108
